 Dungeon Crawl Stone Soup version 0.23-a0-296-ga3b1b28 (webtiles) character file.

16 iamserjio the Caller (level 2, 3/18 HPs)
             Began as an Octopode Summoner on Oct 5, 2018.
             Quit the game on level 2 of the Dungeon.
             The game lasted 00:02:11 (285 turns).

iamserjio the Caller (Octopode Summoner)             Turns: 285, Time: 00:02:12

Health: 3/18       AC:  1    Str:  9    XL:     2   Next: 54%
Magic:  3/5        EV: 13    Int: 17    God:
Gold:   15         SH:  0    Dex: 12    Spells: 4/5 levels left

rFire    + . .     SeeInvis .     - Unarmed
rCold    + . .     Gourm    .   (no shield)
rNeg     . . .     Faith    .   (helmet restricted)
rPois    +         Spirit   .   (no amulet)
rElec    +         Reflect  .   (no ring)
rCorr    +         Harm     .   (no ring)
MR       .....                  (no ring)
Stlth    +++.......             (no ring)
HPRegen  0.06/turn              (no ring)
MPRegen  0.09/turn              (no ring)
                                (no ring)
                                (no ring)

@: lethally poisoned (3 -> 0), resistant, very slightly contaminated
A: almost no armour, stealthy swim, amphibious, 8 rings, constrict 8, tentacle
spike 1, camouflage 1, strong 1, gelatinous body 1
a: no special abilities


You were on level 2 of the Dungeon.
You were not hungry.

You visited 1 branch of the dungeon, and saw 2 of its levels.

You collected 15 gold pieces.

Inventory:

Scrolls
 a - a scroll of identify {unknown}
 c - 2 scrolls of immolation {unknown}
 f - a scroll of teleportation {unknown}
 g - a scroll of amnesia {unknown}
Comestibles
 b - a ration
 h - a chunk of flesh


   Skills:
 + Level 0.8 Fighting
 + Level 2.2 Dodging
 - Level 2.7 Stealth
 * Level 1.3 Unarmed Combat
 - Level 2.0 Spellcasting
 - Level 4.0 Summonings


You had 4 spell levels left.
You knew the following spells:

 Your Spells              Type           Power        Failure   Level  Hunger
a - Summon Small Mammal   Summ           ###.         3%          1    #......

Your spell library contained the following spells:

 Spells                   Type           Power        Failure   Level  Hunger
 Call Imp                 Summ           ###.....     5%          2    ###....
 Call Canine Familiar     Summ           ###.....     11%         3    ###....
 Summon Guardian Golem    Hex/Summ       #.......     26%         3    ###....
 Summon Ice Beast         Ice/Summ       #.......     63%         4    #####..
 Summon Lightning Spire   Summ/Air       #.......     63%         4    #####..


Dungeon Overview and Level Annotations

Branches:
Dungeon (2/15)

Altars:


Innate Abilities, Weirdness & Mutations

You cannot wear most types of armour.
You are very stealthy in the water. (Stealth+)
You are amphibious.
You can wear up to eight rings at the same time.
You can use your tentacles to constrict eight enemies at once.
Your skin changes colour to match your surroundings (Stealth+).
Your rubbery body absorbs attacks. (AC +1, EV +1)
One of your tentacles bears a spike.
Your muscles are strong. (Str +2)


Message History

You constrict the goblin. The goblin barely misses you.
Casting: Summon Small Mammal (safe; 3% risk of failure)
You constrict the goblin. The adder bites you.
You are poisoned.
The adder poisons you! The goblin hits you with a dagger.
* * * LOW HITPOINT WARNING * * *
It was a potion of resistance.
You feel protected.
You constrict the goblin.
You kill the goblin!
* * * LOW HITPOINT WARNING * * *
You feel sick. The adder misses you. The adder closely misses you.
Your rat barely misses the adder.
It was a potion of mutation.
You feel extremely strange.
One of your lower tentacles grows a sharp spike.
You feel stronger. The adder barely misses you.
Your rat bites the adder but does no damage.
Okay, then.
Unknown command.

.. ######. ##. ....$..
.... ....
.......###......# .....
.........#.......# .....
.........#.......# .....
.........#....$..####...
.........#..............
......)@................
......S...............<.
.....wr............##...
###......#.......###....
........#..............
.........#..............
.........#..........#...
.........#..........#...
##......######.....#...


You could see a worm, an adder and a friendly rat.

Vanquished Creatures
  A goblin (D:2)
  A hobgoblin (D:1)
  A kobold (D:2)
  2 rats (D:2)
5 creatures vanquished.

Vanquished Creatures (collateral kills)
  An adder (D:2)
  A worm (D:2)
  2 hobgoblins (D:1)
  A kobold (D:2)
  A bat (D:2)
6 creatures vanquished.

Grand Total: 11 creatures vanquished

Notes
Turn   | Place    | Note
-------+----------+-------------------------------------------
     0 | D:1      | iamserjio the Octopode Summoner began the quest for the
                  | Orb.
     0 | D:1      | Reached XP level 1. HP: 11/11 MP: 3/3
   181 | D:2      | Reached XP level 2. HP: 18/18 MP: 1/5
   198 | D:2      | Reached skill level 1 in Unarmed Combat
   284 | D:2      | Gained mutation: One of your tentacles bears a spike.
                  | [potion of mutation]
   284 | D:2      | Gained mutation: Your muscles are strong. (Str +2) [potion
                  | of mutation]
   285 | D:2      | Quit the game

Vault maps used:
D:1:      dpeg_arrival_snail
D:2:      chequers_ecumenical_altar_grove, minmay_small_reverse_x, uniq_jessica

Skill      XL: |  1  2 |
---------------+-------+-----
Unarmed Combat | 1 |  1.3
Fighting       | |  0.8
Dodging        | |  2.2
Stealth        | |  2.7
Spellcasting   | |  2.0
Summonings     | |  4.0

Action                   || total
-------------------------++-------
Melee: Unarmed           ||    24
       Constrict         ||     8
       Tentacles         ||     3
 Cast: Summon Small Mamm ||     8
  Use: Potion            ||     2
 Stab: Sleeping          ||     1
Dodge: Dodged            ||    21

Table legend:
 A = Non-vault XP
 B = Vault XP
 C = Vault XP percentage of total XP
 D = Non-vault monster count
 E = Vault monster count
 F = Vault count percentage of total count
                 A         B        C        D         E       F
            +---------+---------+-------+---------+---------+-------
      Total |      23 |       0 |   0.0 |      11 |       0 |   0.0
            +---------+---------+-------+---------+---------+-------
        D:1 |       5 |       0 |   0.0 |       3 |       0 |   0.0
        D:2 |      18 |       0 |   0.0 |       8 |       0 |   0.0
            +---------+---------+-------+---------+---------+-------
